 Dungeon Crawl Stone Soup version 0.19-a0-1908-g43c011f (webtiles) character file.

837 kae the Spear-Bearer (level 7, -1/62 HPs)
             Began as a Naga Fighter on Oct 22, 2016.
             Slain by a killer bee (5 damage)
             ... on level 7 of the Dungeon.
             The game lasted 00:03:41 (5251 turns).

kae the Spear-Bearer (Naga Fighter)                 Turns: 5251, Time: 00:03:42

Health: -1/62      AC:  7    Str: 26    XL:     7   Next: 99%
Magic:  7/7        EV:  5    Int:  8    God:
Gold:   166        SH:  9    Dex: 10    Spells: 0 memorised, 6 levels left

rFire  . . .     SeeInvis +     a - +0 trident
rCold  . . .     Gourm    .     b - +0 scale mail
rNeg   . . .     Faith    .     c - +0 shield
rPois  +         Spirit   .     (no helmet)
rElec  .         Reflect  .     (no cloak)
rCorr  .         Harm     .     h - +0 pair of gloves
MR     .....                    (no barding)
Stlth  ..........               (no amulet)
                                (no ring)
                                (no ring)

@: mighty, very slow
A: see invisible, deformed body, poison resistance, slowness 2, slow metabolism
1, spit poison 1, AC +2
a: Spit Poison


You were on level 7 of the Dungeon.
You were very hungry.

You visited 1 branch of the dungeon, and saw 7 of its levels.

You collected 348 gold pieces.
You spent 182 gold pieces at shops.

Inventory:

Hand Weapons
 a - a +0 trident (weapon)
Missiles
 m - a throwing net (quivered)
Armour
 b - a +0 scale mail (worn)
 c - a +0 shield (worn)
 h - a +0 pair of gloves (worn)
Jewellery
 j - an uncursed ring of protection from cold {unknown}
 p - an uncursed ring of ice {unknown}
 w - an uncursed ring of protection from magic {unknown}
Wands
 I - a wand of enslavement (10/24)
Scrolls
 g - 4 scrolls of identify {unknown}
 i - 3 scrolls of fog {unknown}
 k - 2 scrolls of amnesia {unknown}
 q - 2 scrolls of teleportation {unknown}
 u - a scroll of blinking {unknown}
 v - 3 scrolls of remove curse {unknown}
 y - a scroll of fear {unknown}
 D - a scroll of enchant armour {unknown}
 E - a scroll of noise {unknown}
Potions
 e - 2 potions of flight {unknown}
 l - 4 potions of heal wounds
 n - a potion of brilliance {unknown}
 r - a potion of degeneration {unknown}
 t - a potion of cure mutation {unknown}
 A - a potion of cancellation {unknown}
 C - 3 potions of curing
 F - a potion of resistance {unknown}
 G - a potion of ambrosia {unknown}
 H - a potion of magic {unknown}
Books
 o - a book of Cantrips

   Spells                             Type                      Level
   a - Confusing Touch                Hexes                        1
   b - Animate Skeleton               Necromancy                   1
   c - Summon Small Mammal            Summoning                    1
   d - Apportation                    Translocation                1
Comestibles
 f - 4 bread rations
 s - 2 meat rations
 x - a beef jerky
 z - a slice of pizza
 B - 2 royal jellies


   Skills:
 - Level 3.0 Fighting
 + Level 9.0 Polearms
 - Level 2.4 Armour
 - Level 2.4 Shields


You had 6 spell levels left.
You didn't know any spells.

Dungeon Overview and Level Annotations

Branches:
Dungeon (8/15)
 Temple: D:4-7         Lair: D:8-11

Altars:
Elyvilon
Vehumet

Shops:
D:7 :   D:8 !


Innate Abilities, Weirdness & Mutations

You cannot wear boots.
Your serpentine skin is tough. (AC +2)
You have supernaturally acute eyesight. (SInv)
Armour fits poorly on your strangely shaped body.
Your system is resistant to poisons. (rPois)
You cover ground very slowly.
You have a slow metabolism.
You can spit poison.


Message History

The killer bee stings you but does no damage.
You hit the killer bee.
The killer bee is moderately wounded.
You block the killer bee's attack. x2
You hit the killer bee.
The killer bee is heavily wounded.
The killer bee barely misses you. x2
You closely miss the killer bee.
The killer bee is heavily wounded.
The killer bee barely misses you. The killer bee stings you.
* * * LOW HITPOINT WARNING * * *
You puncture the killer bee!
You kill the killer bee!
Your Polearms skill increases to level 9!
The killer bee stings you.
* * * LOW HITPOINT WARNING * * *
You closely miss the killer bee.
The killer bee stings you but does no damage.
You miss the killer bee. The killer bee stings you.
You die...

#...##.#
######....#.#
#.........#.#
#####...#.#
#.......#.#
#.#.##..#.#
#.......#
#####.#############
#>.y@.........#
############.## #.#
#.# #.# #.# #.# #.#
########.#


You could see a killer bee.

Vanquished Creatures
  An ogre (D:4)
  A centaur (D:8)
  4 killer bees
  An orc priest (D:4)
  3 hounds
  A bullfrog skeleton (D:4)
  6 worker ants
  2 howler monkey skeletons
  7 adders
  An adder skeleton (D:4)
  5 worms
  3 dart slugs
  2 leopard geckos
  11 orcs
  17 bats
  5 giant cockroaches
  8 goblins
  9 hobgoblins
  12 jackals
  2 quokkas (D:4)
  2 ball pythons
  4 frilled lizards
  5 kobolds
  10 rats
122 creatures vanquished.

Notes
Turn   | Place    | Note
-------+----------+-------------------------------------------
     0 | D:1      | kae the Naga Fighter began the quest for the Orb.
     0 | D:1      | Reached XP level 1. HP: 21/21 MP: 1/1
   146 | D:1      | Reached XP level 2. HP: 28/28 MP: 2/2
   212 | D:1      | Reached skill level 3 in Polearms
   293 | D:1      | Reached XP level 3. HP: 27/34 MP: 3/3
   860 | D:2      | Reached skill level 4 in Polearms
   891 | D:2      | Reached XP level 4. HP: 34/42 MP: 4/4
  1047 | D:2      | Found a radiant altar of Vehumet.
  1776 | D:2      | Reached skill level 5 in Polearms
  1776 | D:2      | Reached XP level 5. HP: 30/49 MP: 5/5
  2413 | D:3      | Found a white marble altar of Elyvilon.
  2870 | D:4      | Reached skill level 6 in Polearms
  2885 | D:4      | Reached XP level 6. HP: 25/56 MP: 6/6
  3428 | D:4      | Reached skill level 7 in Polearms
  3906 | D:4      | Reached XP level 7. HP: 45/62 MP: 7/7
  4290 | D:5      | Entered Level 5 of the Dungeon
  4598 | D:5      | You fall through a shaft for 3 floors!
  4821 | D:8      | Reached skill level 8 in Polearms
  4983 | D:8      | Found Hiecon's Distillery.
  4991 | D:8      | Bought a potion of heal wounds for 65 gold pieces
  4991 | D:8      | Bought 2 potions of curing for 78 gold pieces
  4991 | D:8      | Bought a potion of curing for 39 gold pieces
  5185 | D:7      | Found Wiajonoff's Book Shoppe.
  5236 | D:7      | HP: 3/62 [killer bee (6)]
  5249 | D:7      | Reached skill level 9 in Polearms
  5251 | D:7      | Slain by a killer bee

Vault maps used:
D:1:      dpeg_cavernosity, nrook_mini_vaults
D:2:      lemuel_doored_altar, serial_forest, infiniplex_forest_end_1,
          infiniplex_forest_straight_2, infiniplex_forest_clump_double,
          infiniplex_forest_clump_diagonal, infiniplex_forest_end_double,
          infiniplex_forest_split, infiniplex_forest_clump_curved,
          serial_bayou_lake_a
D:3:      overflow_temple_1_default, minmay_box_of_dots
D:4:      wad_crossroads, first_bread, kennysheep_dice
D:5:      kennysheep_windowed_goal
D:7:      chequers_temple_overflow_minitemple, serial_corexii_hall,
          corexii_hall_statues_deadend, corexii_hall_statues_i, basic_altar,
          serial_shops, nicolae_shop_window_shopping
D:8:      serial_shops, shop, basic_altar

Skill      XL: |  1  2  3  4  5  6  7 |
---------------+----------------------+-----
Polearms       | 3 4 5 6 7 9 |  9.0
Fighting       | |  3.0
Armour         | |  2.4
Shields        | |  2.4

Action                   |  1- 3 |  4- 6 |  7- 9 || total
-------------------------+-------+-------+-------++-------
Melee: Trident           |   108 |   282 |   114 ||   504
 Abil: Spit Poison       |       |       |     4 ||     4
  Use: Potion            |       |       |     3 ||     3
  Eat: Chunk             |       |     8 |     3 ||    11
Armor: Scale mail        |    51 |   111 |    61 ||   223
Dodge: Dodged            |    21 |    45 |    24 ||    90
Block: Shield            |    45 |   118 |    59 ||   222
